 Seeded DCSS version 0.30-a0-269-gf0224bf7b6 (webtiles) character file.

Game seed: 20221012 (custom seed)

89 Low2 the Shield-Bearer (level 4, 0/37 HPs)
             Began as a Formicid Fighter on Oct 14, 2022.
             Slain by a gnoll
             ... wielding a +0 spear of distortion
              (11 damage)
             ... on level 4 of the Dungeon.
             The game lasted 00:09:10 (929 turns).

Low2 the Shield-Bearer (Formicid Fighter)            Turns: 929, Time: 00:09:11

Health: 0/37       AC:  7    Str: 21    XL:     4   Next: 84%
Magic:  4/4        EV: 13    Int:  7    God:
Gold:   109        SH:  5    Dex: 15    Spells: 3/3 levels left

rFire   . . .      SeeInvis +    i - +2 dagger (freeze)
rCold   . . .      Faith    .    c - +0 buckler
rNeg    . . .      Spirit   .    b - +0 scale mail
rPois   .          Reflect  .    (helmet unavailable)
rElec   .          Harm     .    (no cloak)
rCorr   .          Rampage  .    (no gloves)
Will    .....                    (no boots)
Stlth   ..........               (no amulet)
HPRegen 0.26/turn                f - +4 ring of evasion
MPRegen 0.09/turn                (no ring)

@: no status effects
A: permanent stasis, dig shafts and tunnels, antennae 3, four strong arms
a: Dig, Shaft Self


You were on level 4 of the Dungeon.
You visited 1 branch of the dungeon, and saw 4 of its levels.

You collected 109 gold pieces.

Inventory:

Hand Weapons
 i - a +2 dagger of freezing (weapon)
 l - a +1 short sword of speed
Armour
 b - a +0 scale mail (worn)
 c - a +0 buckler (worn)
Magical Staves
 g - a staff of conjuration
 j - a staff of earth
 k - a staff of fire
Jewellery
 f - a +4 ring of evasion (left hand)
Scrolls
 d - a scroll of blinking
Potions
 h - a potion of might


   Skills:
 + Level 4.0 Fighting
 + Level 0.4 Short Blades
 + Level 3.0 Maces & Flails
 + Level 3.7 Armour
 + Level 0.4 Dodging
 + Level 4.6 Shields


You had 3 spell levels left.
You didn't know any spells.
Your spell library was empty.

Dungeon Overview and Level Annotations

Branches:
Dungeon (3/15)

Altars:


Innate Abilities, Weirdness & Mutations

You cannot be hasted, slowed, berserked, paralysed or teleported.
You can dig through walls and to a lower floor.
You have a pair of large antennae on your head. (SInv)
Your four strong arms can wield two-handed weapons with a shield.


Message History

The ufetubus closely misses you.
The ufetubus hits you but does no damage.
You miss the ufetubus.
The ufetubus is almost dead.
The ufetubus barely misses you.
The ufetubus hits you but does no damage.
A gnoll comes into view.
It is wielding a +0 spear of distortion.
You hit the ufetubus but do no damage.
The ufetubus is almost dead.
The ufetubus barely misses you. The ufetubus misses you. The ufetubus hits you.
You block the ufetubus's attack.
You hit the ufetubus.
You kill the ufetubus!
As you read the scroll labelled JIME TAMIKIMA, it crumbles to dust.
Your stasis prevents you from teleporting.
It was a scroll of blinking.
The gnoll closely misses you.
You see here 18 gold pieces.
An orc wizard comes into view. It is wielding a +0 dagger.
The gnoll closely misses you.
The gnoll hits you from afar with a +0 spear of distortion.
You see here 18 gold pieces.
The gnoll hits you but does no damage.
You hit the gnoll but do no damage.
The gnoll hits you with a +0 spear of distortion.
Space warps horribly around you!
You closely miss the gnoll. You block the gnoll's attack.
You closely miss the gnoll. You block the gnoll's attack.
You hit the gnoll. You freeze the gnoll.
The gnoll is moderately wounded.
The gnoll hits you but does no damage.
You closely miss the gnoll.
The gnoll is moderately wounded.
The gnoll hits you but does no damage. Space warps horribly around you!
* * * LOW HITPOINT WARNING * * *
You feel better.
The gnoll hits you with a +0 spear of distortion.
* * * LOW HITPOINT WARNING * * *
Space warps horribly around you!
You die...

##.## #...#
#####...#
#...(...####
#.##.......##
#..#.....#
#......{o..
#g##.....##
#@##...#.#
#$.......#
............####
###...###.#.#
....#. .# .. ###
# ## ##


You could see a gnoll.

Vanquished Creatures
  2 adders (D:2)
  2 ufetubi
  A worm (D:2)
  A dart slug (D:4)
  9 orcs (D:3)
  A bat (D:1)
  6 endoplasms
  A giant cockroach (D:2)
  8 goblins
  A hobgoblin (D:2)
  2 quokkas
  3 frilled lizards (D:1)
  4 kobolds
  5 rats
46 creatures vanquished.

Vanquished Creatures (others)
  A fungus (D:2)
1 creature vanquished.

Grand Total: 47 creatures vanquished

Notes
Turn   | Place    | Note
-------+----------+-------------------------------------------
     0 | D:1      | Low2 the Formicid Fighter began the quest for the Orb.
     0 | D:1      | Reached XP level 1. HP: 18/18 MP: 1/1
    67 | D:1      | Reached XP level 2. HP: 24/24 MP: 2/2
   198 | D:2      | Reached XP level 3. HP: 30/30 MP: 3/3
   355 | D:3      | Reached XP level 4. HP: 37/37 MP: 4/4
   884 | D:3      | You fall into a shaft and drop 1 floor!
   929 | D:4      | Slain by a gnoll

Illustrated notes

Levels and vault maps discovered:
D:1:      nicolae_arrival_memento_mori, layout_basic
D:2:      layout_rooms, shapermc_ecumenical_altar_petra
D:3:      layout_basic, palyth_stone_intersect, minmay_tree_intersection,
          uniq_robin
D:4:      layout_basic, uniq_edmund

Skill      XL: |  1  2  3  4 |
---------------+-------------+-----
Maces & Flails | 3 |  3.0
Fighting       | 4 |  4.0
Short Blades   | |  0.4
Armour         | |  3.7
Dodging        | |  0.4
Shields        | |  4.6

Action                   |  1- 3 |  4- 6 || total
-------------------------+-------+-------++-------
Melee: Flail             |    87 |       ||    87
       Dagger            |       |    71 ||    71
 Abil: Dig               |       |     3 ||     3
       Shaft Self        |       |     1 ||     1
  Use: Potion            |     2 |     1 ||     3
       Scroll            |       |     4 ||     4
Armor: Scale mail        |    72 |    27 ||    99
Dodge: Dodged            |    58 |    46 ||   104
Block: Buckler           |    33 |    20 ||    53

Table legend: (Time is in decaauts)
 A = Elapsed time spent in this place.
 B = Non-inter-level travel time spent in this place.
 C = Inter-level travel time spent in this place.
 D = Time resting spent in this place.
 E = Time spent auto-exploring this place.
 F = Levels seen in this place.
 G = Mean time per level.
                   A        B        C        D        E       F      G
               +--------+--------+--------+--------+--------+-----+--------+
         Total |    955 |    955 |      0 |      0 |      0 |   4 |  238.8 |
       Dungeon |    955 |    955 |      0 |      0 |      0 |   4 |  238.8 |
               +--------+--------+--------+--------+--------+-----+--------+

Top non-repeatable levels by time:
     D:3: 557 daAuts
     D:1: 178 daAuts
     D:2: 174 daAuts
     D:4: 45 daAuts
